Map: Blackpink LE

Players

Krr - Winner!

  • Race: Protoss Protoss
  • Spawn Location: 1:00

souL

  • Race: Terran Terran
  • Spawn Location: 7:00

Event: IEM Season 12 - Katowice

VOD

Have the link to the VOD?

Description

Time

  • Played on: Feb. 26, 2018, 7:04 a.m.
  • Length: 14:50

All games in this series

Show
View Real Time Build Order
Export as new Build Order

Krr Protoss - Winner!

Build Orders: 1 Gate Expand, Blink Stalkers 

Get SALT Encoding   

  12  0:00  Probe  
  13  0:12  Probe  
  14  0:17  Pylon  
  14  0:24  Probe (Chrono Boost)  
  15  0:36  Probe (Chrono Boost)  
  15  0:39  Gateway  
  16  0:44  Probe (Chrono Boost)  
  16  0:46  Assimilator  
  17  0:51  Probe  
  18  1:03  Probe  
  19  1:15  Probe  
  20  1:23  Nexus  
  20  1:32  Cybernetics Core  
  20  1:35  Probe  
  20  1:39  Assimilator  
  21  1:47  Probe  
  21  1:50  Pylon  
  21  1:59  Probe  
  22  2:06  Stalker (Chrono Boost)  
  22  2:09  Warp Gate  
  22  2:11  Probe  
  25  2:24  Probe (Chrono Boost)  
  25  2:26  Twilight Council  
  26  2:32  Stalker  
  26  2:35  Probe (Chrono Boost)  
  26  2:36  Probe (Chrono Boost)  
  32  2:44  Probe x2 (Chrono Boost)  
  32  2:49  Probe (Chrono Boost)  
  32  2:50  Probe  
  33  2:55  Blink (Chrono Boost)  
  34  3:01  Probe  
  34  3:02  Probe  
  36  3:13  Probe  
  36  3:14  Probe  
  36  3:17  Gateway  
  36  3:18  Gateway  
  38  3:25  Probe  
  38  3:26  Probe, Pylon  
  40  3:35  Robotics Facility  
  40  3:37  Probe  
  40  3:38  Probe  
  42  3:44  Assimilator  
  42  3:49  Probe  
  42  3:50  Probe  
  44  4:02  Probe x2  
  46  4:03  Nexus  
  46  4:12  Stalker x2  
  46  4:15  Stalker  
  52  4:19  Pylon  
  52  4:22  Observer  
  51  4:33  Probe x2  
  51  4:39  Stalker x2  
  51  4:45  Stalker  
  54  4:48  Probe (Chrono Boost), Observer  
  55  4:52  Probe (Chrono Boost)  
  55  4:57  Pylon  
  56  5:02  Probe x2 (Chrono Boost)  
  57  5:07  Probe (Chrono Boost)  
  57  5:10  Probe  
  57  5:12  Charge (Chrono Boost)  
  59  5:14  Forge  
  59  5:16  Forge  
  59  5:17  Probe (Chrono Boost), Observer  
  59  5:20  Probe (Chrono Boost)  
  61  5:25  Probe (Chrono Boost)  
  62  5:29  Probe (Chrono Boost)  
  62  5:31  Sentry x3  
  62  5:32  Probe (Chrono Boost)  
  71  5:37  Probe (Chrono Boost)  
  71  5:38  Probe x2 (Chrono Boost)  
  71  5:51  Probe x2  
  71  5:54  Probe  
  74  6:00  Protoss Ground Weapons Level 1 (Chrono Boost), Protoss Ground Armor Level 1 (Chrono Boost)  
  74  6:03  Probe  
  75  6:04  Gateway  
  75  6:05  Gateway  
  75  6:09  Gateway  
  75  6:10  Gateway  
  75  6:13  Probe x2  
  75  6:14  Pylon  
  75  6:15  Probe  
  75  6:17  Pylon  
  78  6:24  Zealot x3  
  84  6:28  Pylon  
  84  6:30  Pylon  
  84  6:42  Probe x3  
  84  6:44  Stalker  
  84  6:45  Stalker x2  
  93  6:49  Immortal (Chrono Boost)  
  97  7:03  Zealot x2  
  97  7:04  Zealot x2  
  105  7:08  Pylon  
  105  7:09  Pylon, Zealot x3  
  105  7:14  Assimilator  
  111  7:16  Assimilator  
  111  7:17  Assimilator  
  111  7:23  Probe x3  
  111  7:27  Zealot x4  
  122  7:34  Stalker x2  
  122  7:36  Stalker  
  122  7:52  Stalker x4  
  122  7:55  Pylon  
  122  7:57  Pylon  
  122  7:58  Pylon  
  130  8:02  Stalker x3  
  122  8:08  Probe x3  
  122  8:12  Protoss Ground Weapons Level 2 (Chrono Boost), Protoss Ground Armor Level 2 (Chrono Boost)  
  120  8:20  Probe x2  
  120  8:21  Probe  
  121  8:32  Stalker  
  121  8:33  Stalker x4  
  131  8:40  Probe x2  
  131  8:41  Probe  
  132  8:52  Probe  
  132  8:53  Probe x2, Observer (Chrono Boost)  
  136  9:00  Gateway  
  136  9:02  Gateway  
  136  9:04  Probe  
  136  9:05  Probe x2, Templar Archives  
  139  9:12  Observer  
  140  9:20  Zealot x7  
  140  9:22  Pylon  
  154  9:35  Nexus  
  128  9:39  Probe (Chrono Boost)  
  128  9:40  Probe x2 (Chrono Boost)  
  128  9:42  Psionic Storm  
  131  9:49  Probe x3 (Chrono Boost)  
  131  9:50  Photon Cannon  
  134  10:01  Stalker x2  
  134  10:05  High Templar  
  134  10:06  High Templar x2  
  134  10:07  High Templar  
  146  10:28  Zealot x5  
  146  10:30  Pylon  
  150  10:40  Warp Prism (Chrono Boost)  
  146  10:52  High Templar  
  146  10:53  High Templar x3  
  146  10:56  Stalker  
  156  10:57  Archon x2  
  156  10:58  Stalker  
  156  10:59  Zealot x2  
  160  11:07  Probe x3  
  163  11:22  Pylon  
  163  11:23  Pylon  
  163  11:24  Pylon  
  163  11:26  Pylon  
  160  11:35  Pylon  
  160  11:41  High Templar x3  
  160  11:42  High Templar  
  160  11:43  Zealot x4  
  160  11:46  Archon  
  176  11:47  Archon  
  176  12:08  Stalker x5  
  178  12:15  Stalker x3  
  192  12:35  Stalker x3  
  192  12:36  Stalker x2  
  191  12:58  Observer  
  147  13:02  Archon  
  101  13:07  Zealot x9  
  95  13:30  High Templar x2  
  95  13:31  Zealot x2, High Templar x4  
  95  13:32  Zealot  
  113  13:37  Archon  
  113  13:38  Archon x2  
  113  13:47  Stalker x3  
  119  13:54  High Templar  
  119  13:55  Zealot, High Templar  
  125  13:56  Zealot  
  125  13:59  Archon  
  127  14:02  Nexus  
  109  14:18  Zealot x6, High Templar  
  87  14:31  Zealot x2  
  86  14:39  High Templar x4  
  86  14:40  Zealot x2  
  86  14:44  Archon  
  86  14:45  Archon  
Show
View Real Time Build Order
Export as new Build Order

souL Terran 

Build Orders: Liberator Opening, MMM Bio 

Get SALT Encoding   

  12  0:00  SCV  
  13  0:12  SCV  
  14  0:17  Supply Depot  
  14  0:25  SCV  
  15  0:38  SCV  
  15  0:40  Barracks  
  16  0:43  Refinery  
  16  0:51  SCV  
  17  1:03  SCV  
  18  1:15  SCV  
  19  1:27  Orbital Command, Marine  
  20  1:40  Command Center  
  20  1:53  Factory  
  20  1:54  SCV  
  21  2:00  Refinery  
  21  2:04  Barracks Reactor  
  21  2:06  SCV  
  22  2:11  Supply Depot  
  22  2:18  SCV  
  23  2:32  SCV  
  24  2:37  Starport  
  24  2:45  Widow Mine x2  
  24  2:46  SCV  
  24  2:48  Marine  
  30  2:52  Orbital Command  
  30  2:58  SCV  
  31  3:06  Marine  
  31  3:10  SCV  
  33  3:13  Hellion x2  
  33  3:17  Medivac  
  39  3:21  SCV  
  39  3:24  Barracks Tech Lab  
  40  3:27  SCV  
  40  3:33  SCV  
  42  3:34  Hellion  
  42  3:36  Supply Depot  
  42  3:40  Liberator  
  46  3:47  Supply Depot  
  46  3:57  SCV x2  
  46  4:01  Bunker  
  49  4:03  Marine x2  
  49  4:05  Siege Tank  
  49  4:09  SCV x2  
  56  4:13  Supply Depot  
  56  4:21  SCV x2, Marine  
  59  4:27  Marine  
  55  4:33  SCV x2  
  53  4:39  Marine  
  53  4:44  Viking  
  53  4:45  SCV x2, Marine  
  53  4:50  Engineering Bay  
  53  4:53  Siege Tank  
  53  4:57  Marine  
  53  4:58  SCV x2  
  59  5:00  Barracks  
  59  5:01  Barracks  
  59  5:02  Supply Depot  
  59  5:06  Marine  
  60  5:10  SCV x2  
  60  5:14  Viking  
  63  5:22  SCV  
  63  5:24  Supply Depot  
  63  5:25  Missile Turret  
  64  5:33  SCV  
  64  5:34  Terran Infantry Weapons Level 1  
  65  5:35  Refinery  
  65  5:38  SCV, Factory Reactor  
  65  5:39  Marine  
  67  5:43  Stimpack  
  67  5:45  SCV  
  67  5:47  Starport Reactor  
  67  5:48  Barracks Tech Lab  
  68  5:51  SCV  
  68  5:53  Supply Depot  
  68  5:55  Refinery  
  68  5:57  Marine  
  69  6:00  SCV  
  69  6:01  Command Center  
  71  6:05  Marine x2  
  71  6:07  SCV  
  71  6:08  Marine  
  75  6:13  Combat Shields  
  75  6:15  Marauder  
  77  6:22  Marine  
  82  6:26  Supply Depot, Marine, Medivac, Marauder  
  82  6:29  SCV x2  
  85  6:36  Marine, Medivac  
  85  6:37  Barracks  
  85  6:38  Widow Mine x2  
  85  6:39  Barracks  
  92  6:42  Marine  
  92  6:46  SCV  
  94  6:48  Supply Depot, Marauder  
  94  6:49  Supply Depot  
  94  6:51  SCV  
  97  6:54  Marauder  
  97  6:55  Marine  
  97  6:58  Medivac  
  102  7:10  Widow Mine, SCV, Medivac, Marauder  
  102  7:13  Supply Depot, SCV  
  102  7:14  Supply Depot  
  110  7:17  Marine  
  110  7:21  Marine, Marauder  
  110  7:22  SCV  
  115  7:27  Widow Mine, Marine  
  115  7:28  SCV, Terran Infantry Armor Level 1  
  119  7:31  Widow Mine, Marine  
  119  7:33  Marine  
  123  7:41  Marine  
  123  7:43  Marauder  
  123  7:44  Concussive Shells  
  125  7:45  Marine  
  125  7:49  Widow Mine  
  128  7:51  Marauder  
  128  7:53  SCV, Orbital Command  
  128  7:55  Barracks Reactor, SCV  
  128  7:56  Barracks Tech Lab  
  127  8:03  Marine  
  127  8:04  Marauder  
  116  8:07  Marine  
  116  8:12  Widow Mine x2  
  115  8:13  Marauder  
  115  8:14  Marine, Medivac x2  
  113  8:21  Marine  
  113  8:25  Marine, Marauder  
  117  8:32  Marine  
  117  8:33  Widow Mine, Marine, Marauder  
  113  8:34  Marauder  
  113  8:37  SCV x2  
  113  8:38  SCV  
  113  8:39  Marine  
  112  8:43  Marine  
  112  8:44  Medivac x2  
  112  8:47  Marauder  
  114  8:49  SCV, Marine  
  114  8:50  Marine  
  114  8:52  Refinery  
  114  8:54  Marauder  
  114  8:55  Marine  
  120  8:57  Marine  
  120  8:59  Refinery  
  120  9:00  Liberator  
  121  9:05  Armory  
  121  9:06  Liberator  
  121  9:07  Engineering Bay, Marine  
  121  9:08  Marauder  
  124  9:11  Marine  
  124  9:12  Command Center  
  124  9:13  Marauder  
  124  9:16  Marauder  
  134  9:28  Marine  
  134  9:29  Marauder  
  135  9:35  Marauder  
  135  9:36  Marine x2  
  135  9:37  Marine, Marauder  
  137  9:43  Liberator  
  137  9:46  Marine  
  137  9:50  SCV x2  
  137  9:51  Ghost Academy, Marauder  
  140  9:53  Marine  
  140  9:54  Marine  
  140  9:55  Marine  
  140  9:59  Terran Infantry Weapons Level 2  
  145  10:01  Terran Infantry Armor Level 2  
  145  10:03  SCV  
  145  10:05  SCV  
  148  10:08  Marine  
  148  10:13  Terran Ship Weapons Level 1  
  149  10:20  Marine x2, Marauder  
  149  10:22  Marine, Marauder  
  149  10:23  SCV, Marine  
  149  10:26  Marine  
  151  10:30  Planetary Fortress  
  151  10:38  Marine  
  151  10:40  Ghost x2  
  153  10:47  Ghost  
  154  10:51  SCV x2  
  154  10:52  Marine  
  154  10:54  Marine  
  154  10:55  Widow Mine x2  
  160  10:59  SCV  
  161  11:06  Medivac  
  164  11:16  Refinery x2  
  164  11:20  Supply Depot  
  164  11:21  Supply Depot x2  
  164  11:23  Medivac  
  164  11:32  Ghost  
  164  11:39  Widow Mine  
  164  11:41  Ghost x2  
  164  11:42  Widow Mine  
  164  11:43  Barracks x2  
  164  11:44  Barracks  
  164  11:45  Medivac  
  172  11:53  Medivac  
  174  11:58  Supply Depot  
  174  11:59  Supply Depot  
  174  12:01  Ghost  
  174  12:10  Ghost x2  
  174  12:11  Widow Mine x2, Marine  
  174  12:12  Marine  
  181  12:15  Medivac  
  181  12:18  Fusion Core  
  181  12:19  Starport  
  183  12:31  Liberator  
  181  12:42  Marine  
  181  12:44  Ghost x2, Marine  
  133  12:59  Marine x2  
  133  13:00  Marine, Marauder  
  133  13:02  Marine  
  133  13:03  Marine  
  133  13:04  Marine  
  133  13:05  Marine  
  91  13:14  Marauder x2  
  91  13:17  Marine x3  
  91  13:19  Widow Mine, Marine  
  91  13:20  Marine  
  91  13:22  Marine, Marauder  
  91  13:23  Marine  
  96  13:29  Medivac  
  98  13:35  Marine, Medivac  
  110  13:49  Ghost x3  
  110  13:51  Marine x2  
  107  13:55  Marine  
  107  13:56  Marine  
  107  13:59  Medivac  
  101  14:18  Ghost x3  
  89  14:28  Marine  
  89  14:31  Marine  

Tags
 
Add a new tag
Caveats
  • Supply blocks, unpowered buildings, or Contaminate may cause inaccurate times.
  • Supply counts are checked every 10 seconds.